 Dungeon Crawl Stone Soup version 0.31-a0-1074-g0b22e4e0f1 (webtiles) character file.

Game seed: 5065574691414364058

59 hito the Shield-Bearer (level 4, 0/38 HPs)
             Began as a Formicid Fighter on Dec 4, 2023.
             Slain by a jackal (2 damage)
             ... on level 2 of the Dungeon.
             The game lasted 00:01:44 (957 turns).

hito the Shield-Bearer (Formicid Fighter)            Turns: 957, Time: 00:01:45

Health: 0/38       AC:  6    Str: 23    XL:     4   Next: 22%
Magic:  4/4        EV:  6    Int:  7    God:
Gold:   53         SH:  5    Dex: 13    Spells: 3/3 levels left

rFire   . . .        a - +0 flail
rCold   . . .        c - +0 buckler
rNeg    . . .        b - +0 scale mail
rPois   .            (helmet unavailable)
rElec   .            (no cloak)
rCorr   .            (no gloves)
SInv    +            (no boots)
Will    .....        (no amulet) Stlth
                     (no ring)
HPRegen 0.26/turn    (no ring)
MPRegen 0.09/turn

%: no passive effects
@: constricted
A: permanent stasis, dig shafts and tunnels, antennae 3, four strong arms, sense
surroundings 1
a: Dig, Shaft Self


You were on level 2 of the Dungeon.
You visited 1 branch of the dungeon, and saw 2 of its levels.

You collected 53 gold pieces.

Inventory:

Hand Weapons
 a - a +0 flail (weapon)
Armour
 b - a +0 scale mail (worn)
 c - a +0 buckler (worn)
Scrolls
 e - 2 scrolls of poison {unknown}
 h - a scroll of teleportation {unknown}
 i - 2 scrolls of identify {unknown}
 j - a scroll of enchant weapon {unknown}
 k - a scroll of blinking {unknown}
Potions
 d - a potion of might
 g - a potion of enlightenment {unknown}
 l - a potion of magic {unknown}
 m - a potion of brilliance {unknown}


   Skills:
 + Level 4.3 Fighting
 - Level 2.0 Maces & Flails
 - Level 3.2 Armour
 + Level 5.3 Shields


You had 3 spell levels left.
You didn't know any spells.
Your spell library was empty.

Dungeon Overview and Level Annotations

Branches:
Dungeon (2/15)

Altars:


Innate Abilities, Weirdness & Mutations

You cannot be hasted, slowed, berserked, paralysed or teleported.
You can dig through walls and to a lower floor.
You have a pair of large antennae on your head. (SInv)
Your four strong arms can wield two-handed weapons with a shield.
You passively map a small area around you.


Message History

The jackal barely misses you. The adder bites you but does no damage.
The jackal closely misses you.
The jackal bites you but does no damage.
The adder bites you but does no damage. The jackal barely misses you.
You closely miss the adder.
The adder is almost dead.
The jackal bites you but does no damage.
The jackal bites you. The adder bites you.
You are poisoned.
The adder poisons you! The jackal bites you.
* * * LOW HITPOINT WARNING * * *
The jackal barely misses you. The adder bites you but does no damage.
You barely miss the adder.
The adder is almost dead.
You feel sick. The jackal barely misses you.
The jackal bites you but does no damage.
The adder completely misses you.
The jackal bites you but does no damage.
The jackal closely misses you.
You hit the adder.
You kill the adder!
You feel sick.
The jackal bites you but does no damage.
The jackal barely misses you. The ball python barely misses you.
You block the ball python's attack. You block the jackal's attack.
Unknown command.
You closely miss the ball python.
You feel sick. The jackal closely misses you. The jackal completely misses you.
The ball python bites you.
* * * LOW HITPOINT WARNING * * *
The ball python misses you. The jackal bites you.
* * * LOW HITPOINT WARNING * * *
The jackal barely misses you.
The ball python bites you but does no damage.
The ball python grabs you. The ball python constricts you.
It was a potion of mutation.
You feel extremely strange.
You feel a strange attunement to the structure of the dungeons.
You feel sick.
You are no longer poisoned.
The jackal bites you.
You die...

, * .....# , .#.#. ,
, * *###,*.....* ...
#... * #.##.##..###
.......g...#
.#.#.#hhS#.# * ,
......#@#..# ,
.#.#..#.)..#####. *
......###).....#.
.#.#.....#####.#. * ,
........######.#. .#
#####.#.#......#.##.*
* , , # #.#.### ##...
#.....#..... *
#.#####.#.##.# *


You could see 2 jackals, a hobgoblin and a ball python.

Vanquished Creatures
  2 adders (D:2)
  2 dart slugs (D:1)
  5 bats
  2 endoplasms (D:1)
  A goblin (D:2)
  3 hobgoblins (D:1)
  2 jackals (D:2)
  7 kobolds
  2 quokkas (D:1)
  4 ball pythons (D:1)
  A frilled lizard (D:1)
  6 rats
37 creatures vanquished.

Notes
Turn   | Place    | Note
-------+----------+-------------------------------------------
     0 | D:1      | hito the Formicid Fighter began the quest for the Orb.
     0 | D:1      | Reached XP level 1. HP: 18/18 MP: 1/1
    90 | D:1      | Reached XP level 2. HP: 24/24 MP: 2/2
   387 | D:1      | Reached XP level 3. HP: 25/30 MP: 3/3
   905 | D:2      | Reached skill level 5 in Shields
   946 | D:2      | Reached XP level 4. HP: 22/37 MP: 4/4
   957 | D:2      | Gained mutation: You passively map a small area around you.
                  | [potion of mutation]
   957 | D:2      | Slain by a jackal

Illustrated notes

Levels and vault maps discovered:
D:1:      lemuel_arrival_rhombus, layout_loops_cross, nicolae_titane
D:2:      layout_loops_ring, serial_co_window_serial,
          co_window_of_opportunity_a, co_window_corner_a,
          co_window_of_opportunity_a, co_window_of_opportunity_a,
          co_window_of_opportunity_a, co_window_corner_b,
          co_window_of_opportunity_b, co_window_of_opportunity_b,
          co_window_corner_b, co_window_paths_c, co_window_sun, glass_columns_a,
          glass_columns_a, glass_columns_a, glass_columns_b,
          basic_ecumenical_altar

Skill      XL: |  1  2  3 |
---------------+----------+-----
Fighting       | 4 |  4.3
Shields        | 5 |  5.3
Maces & Flails | |  2.0
Armour         | |  3.2

Action                     |  1- 3 |  4- 6 || total
---------------------------+-------+-------++-------
  Melee: Flail             |   113 |    11 ||   124
    Use: Potion            |       |     1 ||     1
 Armour: Scale mail        |    92 |    30 ||   122
  Dodge: Dodged            |    57 |    25 ||    82
  Block: Buckler           |    33 |     6 ||    39

Table legend: (Time is in decaauts)
 A = Elapsed time spent in this place.
 B = Non-inter-level travel time spent in this place.
 C = Inter-level travel time spent in this place.
 D = Time resting spent in this place.
 E = Time spent auto-exploring this place.
 F = Levels seen in this place.
 G = Mean time per level.
                   A        B        C        D        E       F      G
               +--------+--------+--------+--------+--------+-----+--------+
         Total |    997 |    976 |     21 |      0 |    702 |   2 |  498.5 |
       Dungeon |    997 |    976 |     21 |      0 |    702 |   2 |  498.5 |
               +--------+--------+--------+--------+--------+-----+--------+

Top non-repeatable levels by time:
     D:1: 925 daAuts
     D:2: 72 daAuts
